 Dungeon Crawl Stone Soup version 0.24-a0-584-g9d6b971 (webtiles) character file.

Game seed: 11408720220358546069, levelgen mode: deterministic

4696 AlmostDecent the Grappler (level 10, -10/92 HPs)
             Began as a Troll Monk on Sept 1, 2019.
             Was an Elder of Okawaru.
             Mangled by a two-headed ogre
             ... wielding a +0 giant club
              (16 damage)
             ... on level 8 of the Dungeon.
             The game lasted 00:26:06 (5655 turns).

AlmostDecent the Grappler (Troll Monk)              Turns: 5655, Time: 00:26:06

Health: -10/92     AC:  7    Str: 21    XL:     10   Next: 21%
Magic:  9/9        EV: 13    Int:  6    God:    Okawaru [****..]
Gold:   460        SH:  0    Dex: 15    Spells: 9/9 levels left

rFire    + . .     SeeInvis .     - Unarmed
rCold    . . .     Gourm    +   (no shield)
rNeg     . . .     Faith    .   a - +0 robe
rPois    +         Spirit   .   f - +1 hat
rElec    .         Reflect  .   (no cloak)
rCorr    .         Harm     .   (gloves unavailable)
MR       .....                  (boots unavailable)
Stlth    +++.......             (no amulet)
HPRegen  0.65/turn              w - ring of protection from fire
MPRegen  0.11/turn              v - ring of poison resistance

@: no status effects
A: large, unfitting armour, claws 3, fast metabolism 3, gourmand, regeneration
1, shaggy fur 1, tough skin 3
a: Heroism, Renounce Religion


You were on level 8 of the Dungeon.
You worshipped Okawaru.
Okawaru was greatly pleased with you.
You were completely stuffed.

You visited 1 branch of the dungeon, and saw 8 of its levels.

You collected 460 gold pieces.

Inventory:

Hand Weapons
 h - a cursed -3 mace
 C - a +5 whip of venom
Missiles
 y - 5 boomerangs (quivered)
Armour
 a - a +0 robe (worn)
 f - a +1 hat (worn)
Jewellery
 d - an uncursed ring of protection from cold
 v - a ring of poison resistance (right claw)
 w - a ring of protection from fire (left claw)
Scrolls
 c - 3 scrolls of blinking
 g - a scroll of remove curse
 i - a scroll of enchant weapon {unknown}
 j - 4 scrolls of enchant armour
 k - 5 scrolls of teleportation {unknown}
 p - a scroll of magic mapping {unknown}
 q - a scroll of noise {unknown}
 s - 5 scrolls of amnesia {unknown}
 x - a scroll of identify
 z - 4 scrolls of random uselessness {unknown}
 B - a scroll of fear {unknown}
Potions
 e - 3 potions of curing {unknown}
 l - 2 potions of brilliance
 n - a potion of flight {unknown}
 o - 2 potions of degeneration {unknown}
 r - 2 potions of magic
 t - a potion of haste {unknown}
 u - a potion of invisibility {unknown}
Comestibles
 b - 13 rations


   Skills:
 + Level 3.9 Fighting
 + Level 5.6 Dodging
 + Level 3.7 Stealth
 + Level 12.0 Unarmed Combat


You had 9 spell levels left.
You didn't know any spells.
Your spell library contained the following spells:

 Spells                   Type           Power        Failure   Level  Hunger
 Sandblast                Erth           #.....       45%         1    ##.....
 Passwall                 Tmut/Erth      #.......     58%         2    ###....
 Stone Arrow              Conj/Erth      #.....       83%         3    ####...
 Petrify                  Tmut/Erth      #.......     99%         4    #####..
 Lee's Rapid Deconstruct  Erth           #.........   100%        5    ######.


Dungeon Overview and Level Annotations

Branches:
Dungeon (8/15)             Temple (0/1) D:7
   Lair: D:8-11

Altars:
Fedhas
Gozag
Hepliaklqana
Makhleb
Okawaru
Qazlal
Ru
Trog
Vehumet
Yredelemnul
Zin


Innate Abilities, Weirdness & Mutations

You are too large for most types of armour.
You have claws for hands.
Your metabolism is lightning-fast.
You like to eat raw meat.
Your natural rate of healing is unusually fast.
You are covered in fur. (AC +1)
You have extremely tough skin. (AC +3)


Message History

The quokka misses you.
You scratch the two-headed ogre but do no damage.
The two-headed ogre is heavily wounded.
The quokka closely misses you.
The two-headed ogre hits you with a +0 giant club!!
* * * LOW HITPOINT WARNING * * *
The two-headed ogre closely misses you.
You feel much better. The quokka misses you.
The two-headed ogre hits you with a +0 giant club.
The two-headed ogre hits you with a +0 giant club!!
* * * LOW HITPOINT WARNING * * *
The quokka closely misses you.
Okay, then.
You completely miss the two-headed ogre.
The two-headed ogre is heavily wounded.
You scratch the two-headed ogre.
The two-headed ogre is heavily wounded.
The quokka barely misses you. The two-headed ogre closely misses you.
The two-headed ogre hits you with a +0 giant club!
You die...

#....##### #....# #
#############....#
#
#..........##....#
#
...........#######
#............# ###
+............# #.(
...###..####......#
#.# .......@#
#......## #.#
......rO# #.......#
..# ........#
#.......#.###
........#
###'###.#. #
........# #...#.# #
........# ###.#.. #
.....(..# #.#### #
........# #.# ###
#.#####..


You could see a two-headed ogre and a quokka.

Vanquished Creatures
  A two-headed ogre (D:8)
  The ghost of Fortinbras the Basher, a novice MiFi of Hepliaklqana (D:7)
  Grinder (D:4)
  A hungry ghost (D:7)
  Menkaure (D:5)
  A steam dragon (D:8)
  An ice beast (D:8)
  3 sky beasts
  A black bear (D:6)
  An ogre (D:6)
  A phantom (D:4)
  An eye of draining (D:3)
  4 centaurs
  6 big kobolds
  3 bullfrogs
  Blork the orc (D:4)
  3 scorpions
  2 howler monkeys (D:8)
  3 crimson imps
  A centaur zombie (D:8)
  3 hounds
  3 jellies
  A bullfrog zombie (D:7)
  2 orc priests (D:3)
  A bullfrog skeleton (D:6)
  5 orc wizards
  5 worker ants
  2 iguanas
  A hound skeleton (D:8)
  2 gnolls
  12 adders
  3 shadow imps
  2 oozes
  3 worms
  3 dart slugs
  4 leopard geckos
  25 orcs
  3 ball pythons
  7 bats
  8 giant cockroaches
  3 goblins
  6 hobgoblins
  5 jackals
  7 kobolds
  A quokka (D:7)
  4 frilled lizards
  2 jackal zombies
  6 rats
166 creatures vanquished.

Notes
Turn   | Place    | Note
-------+----------+-------------------------------------------
     0 | D:1      | AlmostDecent the Troll Monk began the quest for the Orb.
     0 | D:1      | Reached XP level 1. HP: 22/22 MP: 0/0
   105 | D:1      | Reached XP level 2. HP: 29/29 MP: 1/1
   659 | D:2      | Reached XP level 3. HP: 34/36 MP: 2/2
   904 | D:2      | Found a sacrificial altar of Ru.
   915 | D:2      | Reached skill level 4 in Unarmed Combat
   915 | D:2      | Reached XP level 4. HP: 41/44 MP: 3/3
   982 | D:2      | Found a basalt altar of Yredelemnul.
   989 | D:2      | Found a hazy altar of Hepliaklqana.
  1007 | D:2      | Found a radiant altar of Vehumet.
  1591 | D:3      | Reached XP level 5. HP: 41/52 MP: 4/4
  1750 | D:3      | Reached skill level 5 in Unarmed Combat
  1803 | D:3      | Reached XP level 6. HP: 46/59 MP: 5/5
  2072 | D:3      | Found a blossoming altar of Fedhas.
  2074 | D:3      | Found an opulent altar of Gozag.
  2075 | D:3      | Found a stormy altar of Qazlal.
  2557 | D:3      | Found a bloodstained altar of Trog.
  2577 | D:3      | Reached skill level 6 in Unarmed Combat
  2995 | D:4      | Found a burning altar of Makhleb.
  3006 | D:4      | Reached XP level 7. HP: 64/67 MP: 6/6
  3057 | D:5      | Entered Level 5 of the Dungeon
  3114 | D:5      | Reached skill level 7 in Unarmed Combat
  3273 | D:5      | Noticed Blork the orc
  3273 | D:5      | Noticed Menkaure
  3484 | D:5      | Noticed Grinder
  3491 | D:4      | Killed Blork the orc
  3572 | D:4      | Killed Grinder
  3572 | D:4      | Reached XP level 8. HP: 41/75 MP: 7/7
  3632 | D:5      | Killed Menkaure
  3632 | D:5      | Reached skill level 8 in Unarmed Combat
  3713 | D:5      | Found an iron altar of Okawaru.
  3742 | D:5      | Became a worshipper of Warmaster Okawaru
  3742 | D:5      | Reached * piety under Okawaru
  3742 | D:5      | Reached ** piety under Okawaru
  4198 | D:6      | Reached skill level 9 in Unarmed Combat
  4590 | D:7      | Reached XP level 9. HP: 63/83 MP: 8/8
  4594 | D:7      | Found a staircase to the Ecumenical Temple.
  4702 | D:7      | Reached skill level 10 in Unarmed Combat
  4944 | D:7      | Found a glowing silver altar of Zin.
  5156 | D:8      | Reached *** piety under Okawaru
  5203 | D:8      | Noticed a two-headed ogre
  5213 | D:8      | Killed a two-headed ogre
  5213 | D:8      | Reached skill level 5 in Dodging
  5213 | D:8      | Reached skill level 11 in Unarmed Combat
  5244 | D:8      | Reached **** piety under Okawaru
  5372 | D:8      | Found a runed translucent gate.
  5376 | D:8      | Found a runed translucent gate.
  5376 | D:8      | Found a runed translucent gate.
  5376 | D:8      | Noticed Fortinbras's ghost (novice MiFi)
  5490 | D:7      | Reached XP level 10. HP: 53/92 MP: 9/9
  5503 | D:7      | Killed Fortinbras's ghost
  5622 | D:8      | Reached skill level 12 in Unarmed Combat
  5639 | D:8      | Noticed a two-headed ogre
  5655 | D:8      | Mangled by a two-headed ogre

Levels and vault maps discovered:
D:1:      tarquinn_simple_flora_water_e, layout_basic, serial_bayou_pond_a
D:2:      layout_loops_corners, nicolae_ru_great_annihilating_truth,
          minmay_overflow_temple_star_quad
D:3:      layout_basic, grunt_temple_overflow_forces_of_nature,
          nicolae_gozag_cash_rules_everything_around_me, trog_eyes_of_draining
D:4:      layout_rooms, kennysheep_little_box, first_ration
D:5:      layout_rooms, okawaru_altar_gauntlet_db,
          minmay_misc_feat_four_crosses, uniq_menkaure, uniq_grinder,
          uniq_blork_the_orc
D:6:      layout_basic
D:7:      layout_basic, lemuel_crystal_altar,
          minmay_temple_entry_statues_pillars
D:8:      layout_basic, kennysheep_mini_moat, gammafunk_ghost_nasty_kobolds,
          grunt_ogre_cave

Skill      XL: |  1  2  3  4  5  6  7  8  9 10 |
---------------+-------------------------------+-----
Dodging        | 3 4 5 |  5.6
Unarmed Combat | 4 5 6 7 9 11 12 | 12.0
Fighting       | 3 |  3.9
Stealth        | 2 3 |  3.7

Action                   |  1- 3 |  4- 6 |  7- 9 | 10-12 || total
-------------------------+-------+-------+-------+-------++-------
Melee: Unarmed           |    84 |   133 |   253 |    33 ||   503
       Punch             |       |     1 |     9 |     1 ||    11
Invok: Heroism           |       |       |       |     1 ||     1
  Use: Scroll            |     1 |     4 |     2 |       ||     7
       Potion            |       |       |       |     3 ||     3
 Stab: Sleeping          |     3 |     5 |     6 |     1 ||    15
       Paralysed         |       |     1 |       |       ||     1
       Distracted        |       |       |     1 |       ||     1
  Eat: Chunk             |    14 |    19 |    23 |     1 ||    57
Armor: Robe              |    36 |    43 |    97 |     6 ||   182
Dodge: Dodged            |    51 |    64 |   113 |    27 ||   255

Table legend:
 A = Non-vault XP
 B = Vault XP
 C = Vault XP percentage of total XP
 D = Non-vault monster count
 E = Vault monster count
 F = Vault count percentage of total count
                 A         B        C        D         E       F
            +---------+---------+-------+---------+---------+-------
      Total |    4584 |    2125 |  31.7 |     143 |      23 |  13.9
            +---------+---------+-------+---------+---------+-------
        D:1 |      37 |       0 |   0.0 |      21 |       0 |   0.0
        D:2 |      52 |      56 |  51.9 |      12 |       4 |  25.0
        D:3 |     354 |     139 |  28.2 |      41 |       3 |   6.8
        D:4 |     253 |     386 |  60.4 |       8 |       2 |  20.0
        D:5 |     344 |     198 |  36.5 |      10 |       7 |  41.2
        D:6 |     781 |       0 |   0.0 |      18 |       0 |   0.0
        D:7 |     649 |    1154 |  64.0 |      12 |       5 |  29.4
        D:8 |    2114 |     192 |   8.3 |      21 |       2 |   8.7
            +---------+---------+-------+---------+---------+-------
